 Dungeon Sprint DCSS version 0.30-a0-177-g1cb5dbfd7a (webtiles) character file.

Game seed: 3072502186945355294

6723 mhtbhm the Bludgeoner (level 11, -4/84 HPs)
             Began as a Gargoyle Berserker on Oct 2, 2022.
             Was a High Priest of Trog.
             Slain by a sphinx (6 damage)
             ... in the Dungeon (Sprint II: "The Violet Keep of Menkaure").
             The game lasted 00:04:38 (1517 turns).

mhtbhm the Bludgeoner (Gargoyle Berserker)          Turns: 1517, Time: 00:04:38

Health: -4/84      AC: 12    Str: 23    XL:     11   Next: 4%
Magic:  3/3        EV: 14    Int:  8    God:    Trog [*****.]
Gold:   502        SH:  0    Dex:  9    Spells: 10/10 levels left

rFire   + . .      SeeInvis .    a - +1 dire flail (antimagic)
rCold   x . .      Faith    .    (shield currently unavailable)
rNeg    + + .      Spirit   .    b - +2 robe {rN+}
rPois   ∞          Reflect  .    (no helmet)
rElec   +          Harm     .    (no cloak)
rCorr   .          Rampage  .    (no gloves)
Will    .....      NoTele   +    (no boots)
Stlth   +++.......               (no amulet)
HPRegen 0.34/turn                j - ring of fire
MPRegen 0.08/turn                (no ring)

@: on berserk cooldown, slowed, very slow
A: sickness immunity, AC +8, negative energy resistance 1, electricity
resistance, torment resistance 1, petrification resistance, screaming 1, weak 1
a: Renounce Religion, Berserk, Trog's Hand, Brothers in Arms


You were in the Dungeon.
You worshipped Trog.
Trog was extremely pleased with you.
You visited 1 branch You collected 1228 gold pieces.
You spent 726 gold pieces at shops.

Inventory:

Hand Weapons
 a - a +1 antimagic dire flail (weapon)
Missiles
 z - 2 boomerangs (quivered)
 A - 6 atropa-tipped darts
Armour
 b - a +2 robe of positive energy (worn)
Jewellery
 j - a ring of fire (left hand)
Scrolls
 h - a scroll of blinking
 k - 2 scrolls of brand weapon
 l - a scroll of poison
 m - 2 scrolls of acquirement {unknown}
 o - a scroll of amnesia {unknown}
 p - 2 scrolls of vulnerability {unknown}
 u - a scroll of enchant armour {unknown}
 x - a scroll of fear {unknown}
Potions
 c - 3 potions of curing
 d - a potion of ambrosia
 e - a potion of haste
 f - 5 potions of magic
 g - a potion of berserk rage
 i - 3 potions of attraction
 q - a potion of lignification {unknown}
 r - a potion of invisibility {unknown}
 s - 5 potions of flight {unknown}
 t - a potion of might {unknown}
 v - a potion of brilliance {unknown}
 w - 3 potions of resistance {unknown}


   Skills:
 + Level 16.6 Fighting
 + Level 16.9 Maces & Flails
 + Level 1.7 Throwing
 + Level 7.5 Armour
 + Level 9.0 Dodging
 + Level 5.3 Stealth


You had 10 spell levels left.
You didn't know any spells.
Your spell library was empty.

Dungeon Overview and Level Annotations

Branches:
Dungeon (1/1)

Altars:
Cheibriados
Dithmenos
Elyvilon
Fedhas
Gozag
Kikubaaqudgha
Makhleb
Nemelex Xobeh
Okawaru
Qazlal
Ru
Sif Muna
Trog
Uskayaw
Vehumet
Wu Jian
Xom
Yredelemnul
Zin
The Shining One
Jiyva
Lugonu

Shops:
D *:([?![*=![:?=*

Annotations:
D exclusion: oklob plant, Roxanne


Innate Abilities, Weirdness & Mutations

You are immune to sickness and miasma.
Your stone body is resilient. (AC +8)
You are immune to poison.
You resist negative energy. (rN+)
You are resistant to electric shocks. (rElec)
You are resistant to unholy torment.
You are immune to petrification.
You occasionally shout uncontrollably at your foes.
You are weak. (Str -2)


Message History

You feel a strong urge to attack something.
You see here a sphinx corpse.
You bump into the stone wall.
The sphinx hits you! The sphinx barely misses you.
The sphinx hits you but does no damage.
You bump into the stone wall.
You feel your anger nearly subside.
You are no longer berserk.
You are exhausted.
You feel yourself slow down.
The sphinx falters for a moment.
You bump into the unnaturally hard rock wall.
The sphinx barely misses you. The sphinx hits you.
The sphinx hits you but does no damage. The sphinx completely misses you.
The sphinx hits you! The sphinx barely misses you.
You feel less confused. The sphinx hits you!
* * * LOW HITPOINT WARNING * * *
The sphinx hits you.
* * * LOW HITPOINT WARNING * * *
The sphinx barely misses you. The sphinx hits you but does no damage.
The sphinx hits you.
* * * LOW HITPOINT WARNING * * *
The sphinx closely misses you.
Okay, then.
Press: ? - help, v - describe, . - travel, g - get item
Here: a sphinx (heavily wounded, magic disrupted) Item here: a sphinx corpse.
The floor, spattered with blood.
You feel better. The sphinx hits you!
* * * LOW HITPOINT WARNING * * *
The sphinx barely misses you. The sphinx hits you but does no damage.
You bludgeon the sphinx!!
The sphinx's magic leaks into the air.
The sphinx is severely wounded.
The sphinx mumbles some strange words.
Something smites you!
* * * LOW HITPOINT WARNING * * *
Unknown command.
You feel better. The sphinx hits you!
* * * LOW HITPOINT WARNING * * *
The sphinx hits you but does no damage. The sphinx misses you.
The sphinx completely misses you. The sphinx hits you.
You die...

#†.#▓)....(..▓▓
##†#▓.)......▓▓
.)##▓▓▓▓▓▓▓'▓▓▓▓+▓
~~~~~~~~~~~...≈≈≈▓
+########'###.≈≈≈▓
....._._#÷§~##≈≈≈▓
...._._.#§§§§####▓▓▓▓▓
..._._._#§§~~§##.§#$$▓
.._._._.#~§~§§≈#@H#$.▓
._._._._#~~~§~§§§§'$$▓
_._._._.#~~~~≈§#†§#$.▓
. ._._..#~~≈≈§≈▓..#$$▓
_._._.#~§§≈▓▓▓▓▓▓▓▓▓
#######~§≈≈▓z
~~~~~~~≈≈§≈▓.z
#######≈▓▓▓▓▓▓▓ #▓▓


You could see a sphinx (magic disrupted).

Vanquished Creatures
  A kraken (D)
  A sphinx (D)
  2 deep trolls (D)
  3 shining eyes (D)
  A merfolk siren (D)
  A yaktaur (D)
  A hornet (D)
  3 polar bears (D)
  2 wyverns (D)
  Menkaure (D)
  3 water moccasins (D)
  5 scorpions (D)
  4 tentacles (D)
28 creatures vanquished.

Vanquished Creatures (others)
  A water moccasin (D)
  3 tentacles (D)
4 creatures vanquished.

Grand Total: 32 creatures vanquished

Notes
Turn   | Place    | Note
-------+----------+-------------------------------------------
     0 | D        | mhtbhm the Gargoyle Berserker began the quest for the Orb.
     0 | D        | Reached XP level 1. HP: 14/14 MP: 1/1
     1 | D        | Noticed a boulder beetle
     1 | D        | Noticed a boulder beetle
     7 | D        | Noticed a scorpion
     7 | D        | Noticed a scorpion
     7 | D        | Noticed a scorpion
     7 | D        | Noticed a scorpion
    11 | D        | Killed a scorpion
    12 | D        | Reached skill level 5 in Maces & Flails
    12 | D        | Reached XP level 2. HP: 22/22 MP: 2/2
    12 | D        | Reached XP level 3. HP: 27/27 MP: 3/3
    15 | D        | Killed a scorpion
    16 | D        | Reached XP level 4. HP: 34/34 MP: 4/4
    17 | D        | Killed a scorpion
    17 | D        | Reached ** piety under Trog
    18 | D        | Reached XP level 5. HP: 38/39 MP: 5/5
    19 | D        | Reached XP level 6. HP: 44/45 MP: 6/6
    70 | D        | Noticed a merfolk siren
    80 | D        | Killed a merfolk siren
    81 | D        | Reached skill level 10 in Fighting
    81 | D        | Reached skill level 10 in Maces & Flails
    81 | D        | Reached skill level 5 in Armour
    81 | D        | Reached XP level 7. HP: 8/53 MP: 7/7
   245 | D        | Noticed a wyvern
   245 | D        | Noticed a wyvern
   251 | D        | Killed a wyvern
   256 | D        | Killed a wyvern
   256 | D        | Reached *** piety under Trog
   257 | D        | Reached XP level 8. HP: 10/60 MP: 8/8
   398 | D        | Identified Roxanne's Atlas of Transfiguration
   398 | D        | Noticed Roxanne
   404 | D        | Found Zuupaw's General Store.
   406 | D        | Found Zuquratze's Magic Scroll Emporium.
   406 | D        | Found Ymimilidd's Book Shoppe.
   407 | D        | Found Guheil's Distillery.
   407 | D        | Found Ximmopow's Jewellery Shoppe.
   427 | D        | Found Fojetam's Jewellery Shoppe.
   427 | D        | Found Rob Ober's General Store.
   430 | D        | Found Loufil's Distillery.
   431 | D        | Found Ceto's Antique Armour Emporium.
   431 | D        | Found Xolyrhaz's Magic Scroll Shoppe.
   432 | D        | Found Lulohaor's Armour Shoppe.
   435 | D        | Found Nassisaisu's Antique Armour Shoppe.
   435 | D        | Found Xasoresaloo's Antique Weapon Emporium.
   435 | D        | Noticed Menkaure
   435 | D        | Noticed an iron elemental
   435 | D        | Noticed an oklob plant
   436 | D        | Found Nysutul's Assorted Antiques.
   436 | D        | Found Tuitea's Book Shoppe.
   452 | D        | Killed Menkaure
   453 | D        | Reached skill level 5 in Dodging
   499 | D        | Bought a glowing dire flail for 210 gold pieces
   512 | D        | Bought an embroidered robe for 92 gold pieces
   523 | D        | Bought an embroidered robe for 74 gold pieces
   542 | D        | Bought a ring of fire for 350 gold pieces
   571 | D        | Found a snail-covered altar of Cheibriados.
   572 | D        | Found a shadowy altar of Dithmenos.
   572 | D        | Found a viscous altar of Jiyva.
   573 | D        | Found a white marble altar of Elyvilon.
   573 | D        | Found an ancient bone altar of Kikubaaqudgha.
   574 | D        | Found a blossoming altar of Fedhas.
   574 | D        | Found a corrupted altar of Lugonu.
   574 | D        | Found a shimmering blue altar of Sif Muna.
   575 | D        | Found an opulent altar of Gozag.
   575 | D        | Found a burning altar of Makhleb.
   575 | D        | Found a bloodstained altar of Trog.
   576 | D        | Found a sparkling altar of Nemelex Xobeh.
   576 | D        | Found a hide-covered altar of Uskayaw.
   581 | D        | Noticed a shining eye
   581 | D        | Noticed a shining eye
   581 | D        | Noticed a shining eye
   581 | D        | Gained mutation: You are weak. (Str -2) [a shining eye]
   585 | D        | Killed a shining eye
   585 | D        | Reached **** piety under Trog
   586 | D        | Reached skill level 1 in Stealth
   589 | D        | Gained mutation: You occasionally shout uncontrollably at
                  | your foes. [a shining eye]
   593 | D        | Killed a shining eye
   594 | D        | Reached XP level 9. HP: 68/68 MP: 3/9
   599 | D        | Killed a shining eye
   637 | D        | Found an iron altar of Okawaru.
   637 | D        | Found a radiant altar of Vehumet.
   637 | D        | Found a glowing silver altar of Zin.
   638 | D        | Noticed a yaktaur
   638 | D        | Noticed a hornet
   638 | D        | Noticed a polar bear
   638 | D        | Noticed a polar bear
   638 | D        | Noticed a polar bear
   646 | D        | Killed a polar bear
   652 | D        | Killed a polar bear
   657 | D        | Killed a hornet
   657 | D        | Reached ***** piety under Trog
   673 | D        | Killed a polar bear
   674 | D        | Reached skill level 15 in Maces & Flails
   676 | D        | Killed a yaktaur
   677 | D        | Reached XP level 10. HP: 20/76 MP: 3/10
   839 | D        | Found a basalt altar of Yredelemnul.
   846 | D        | Noticed a kraken
  1017 | D        | Killed a kraken
  1018 | D        | Reached skill level 15 in Fighting
  1128 | D        | Found a shimmering altar of Xom.
  1128 | D        | Found a sacrificial altar of Ru.
  1129 | D        | Found a glowing golden altar of the Shining One.
  1129 | D        | Found an ornate altar of the Wu Jian Council.
  1129 | D        | Found a stormy altar of Qazlal.
  1160 | D        | Reached skill level 1 in Throwing
  1343 | D        | Noticed a deep troll
  1343 | D        | Noticed a deep troll
  1347 | D        | Killed a deep troll
  1353 | D        | Killed a deep troll
  1493 | D        | Noticed a sphinx
  1493 | D        | Noticed a sphinx
  1504 | D        | Killed a sphinx
  1505 | D        | Reached skill level 5 in Stealth
  1505 | D        | Reached XP level 11. HP: 74/84 MP: 3/11
  1517 | D        | HP: 2/84 [sphinx (11)]
  1517 | D        | Slain by a sphinx

Illustrated notes

Levels and vault maps discovered:
D:        the_violet_keep_of_menkaure [sprint2_stairs_cluster_1,
          sprint2_shoproom, sprint2_temple, sprint2_basic_supplies,
          sprint2_obstacle_6, sprint2_obstacle_7, sprint2_obstacle_1,
          sprint2_obstacle_5, sprint2_obstacle_4, sprint2_timed_cluster_1,
          sprint2_smallroom_cluster_1, sprint2_smallroom_final_cluster_1,
          sprint2_transparent_cluster_1, sprint2_second_timed_cluster_1,
          sprint2_sniper_area_1, sprint2_heavy_combat_area_1,
          sprint2_mutation_trap_area_1, sprint2_forest_area_1,
          sprint2_light_combat_area_1, sprint2_behind_water_1,
          sprint2_near_end_vault_1]

Skill      XL: |  1  2  3  4  5  6  7  8  9 10 |
---------------+-------------------------------+-----
Fighting       | 6 7 8 10 11 13 14 16 | 16.6
Maces & Flails | 5 6 7 8 10 11 13 15 16 | 16.9
Armour         | 3 4 5 6 7 |  7.5
Dodging        | 2 3 4 5 6 9 |  9.0
Stealth        | 1 2 5 |  5.3
Throwing       | 1 |  1.7

Action                   |  1- 3 |  4- 6 |  7- 9 | 10-12 || total
-------------------------+-------+-------+-------+-------++-------
Melee: Mace              |     6 |    11 |    19 |       ||    36
       Dire flail        |       |       |    47 |    59 ||   106
Throw: Dart              |       |       |       |     3 ||     3
Invok: Berserk           |     1 |     1 |     3 |     3 ||     8
       Brothers in Arms  |       |       |     1 |       ||     1
  Use: Potion            |       |       |     1 |     2 ||     3
       Scroll            |       |       |       |     4 ||     4
 Stab: Distracted        |       |       |     1 |       ||     1
Armor: Animal skin       |     1 |       |       |       ||     1
       Robe              |       |       |    27 |    40 ||    67
Dodge: Dodged            |     2 |       |    39 |    46 ||    87

Table legend: (Time is in decaauts)
 A = Elapsed time spent in this place.
 B = Non-inter-level travel time spent in this place.
 C = Inter-level travel time spent in this place.
 D = Time resting spent in this place.
 E = Time spent auto-exploring this place.
 F = Levels seen in this place.
 G = Mean time per level.
                   A        B        C        D        E       F      G
               +--------+--------+--------+--------+--------+-----+--------+
         Total |   1582 |   1582 |      0 |    950 |      0 |   1 | 1582.0 |
       Dungeon |   1582 |   1582 |      0 |    950 |      0 |   1 | 1582.0 |
               +--------+--------+--------+--------+--------+-----+--------+

Top non-repeatable levels by time:
       D: 1582 daAuts
